 Dungeon Crawl Stone Soup version 0.25-a0-110-ge29c8f2358 (webtiles) character file.

Game seed: 1110167855422987504, levelgen mode: deterministic

13323 night the Covert (level 11, 0/56 HPs)
             Began as a Spriggan Enchanter on Nov 19, 2019.
             Was an Elder of Dithmenos.
             Slain by a wolf spider (19 damage)
             ... on level 3 of the Lair of Beasts.
             The game lasted 01:06:01 (17218 turns).

night the Covert (Spriggan Enchanter)              Turns: 17218, Time: 01:06:02

Health: 0/56       AC:  5    Str:  8    XL:     11   Next: 74%
Magic:  20/26      EV: 27    Int: 23    God:    Dithmenos [****..]
Gold:   889        SH:  2    Dex: 17    Spells: 15/30 levels left

rFire    + . .     SeeInvis +   a - +1 dagger
rCold    . . .     Gourm    .   (shield restricted)
rNeg     . . .     Faith    .   L - +2 robe {rF+}
rPois    .         Spirit   .   (helmet restricted)
rElec    .         Reflect  +   M - +0 cloak {+Inv}
rCorr    .         Harm     .   (gloves unavailable)
MR       +....                  (boots unavailable)
Stlth    +++++++++.             K - +2 amulet of reflection
HPRegen  0.18/turn              E - +3 ring of intelligence
MPRegen  0.20/turn              Y - ring "Ehinokk" {*Drain EV+1 Str+4 Stlth+}

@: lethally poisoned (0 -> -11), wreathed by umbra, very quick
A: very small, unfitting armour, see invisible, herbivore, speed 3, slow
metabolism 2
a: Shadow Step, Renounce Religion, Evoke Invisibility


You were on level 3 of the Lair of Beasts.
You worshipped Dithmenos.
Dithmenos was greatly pleased with you.
You were near starving.

You visited 3 branches of the dungeon, and saw 14 of its levels.

You collected 889 gold pieces.

Inventory:

Hand Weapons
 a - a +1 dagger (weapon)
 b - a +0 dagger of holy wrath
 k - a +0 dagger of distortion
 t - a +0 dagger of pain
 P - a +0 whip of electrocution
Missiles
 j - 317 stones (quivered)
 x - 4 throwing nets
 C - 2 boomerangs
 H - 22 poisoned darts
 J - 4 silver boomerangs
 N - 86 sling bullets
Armour
 s - a +0 robe
 z - a scarf of spirit shield
 L - a +2 robe of fire resistance (worn)
 M - a +0 cloak of invisibility (worn)
Jewellery
 E - a +3 ring of intelligence (left hand)
 K - a +2 amulet of reflection (around neck)
 R - an uncursed amulet of rage
 Y - the ring "Ehinokk" (right hand) {*Drain EV+1 Str+4 Stlth+}
   (You found it on level 2 of the Lair of Beasts)

   [ring of evasion]

   It affects your evasion (+1).
   It affects your strength (+4).
   It causes draining when unequipped.
   It makes you more stealthy.
Wands
 m - a wand of enslavement (11)
 F - a wand of polymorph (5)
 T - a wand of acid (12)
 U - a wand of random effects (17)
Scrolls
 c - 15 scrolls of identify
 e - 3 scrolls of immolation
 f - 3 scrolls of blinking {unknown}
 g - 6 scrolls of teleportation
 h - 2 scrolls of enchant weapon {unknown}
 i - 7 scrolls of remove curse
 o - 5 scrolls of magic mapping {unknown}
 y - 3 scrolls of amnesia {unknown}
 A - 4 scrolls of enchant armour {unknown}
 D - a scroll of fog {unknown}
 G - 4 scrolls of fear {unknown}
 Q - 3 scrolls of random uselessness {unknown}
 S - a scroll of vulnerability {unknown}
 V - a scroll of acquirement {unknown}
Potions
 l - 2 potions of invisibility {unknown}
 n - 2 potions of might {unknown}
 p - 4 potions of curing
 q - a potion of agility
 r - a potion of resistance {unknown}
 u - 2 potions of mutation {unknown}
 v - a potion of brilliance {unknown}
 w - 4 potions of degeneration {unknown}
 B - a potion of heal wounds {unknown}
 I - a potion of cancellation {unknown}
 O - 2 potions of lignification {unknown}
 W - a potion of haste {unknown}
 Z - a potion of flight {unknown}
Miscellaneous
 X - a crystal ball of energy
Comestibles
 d - 19 rations


   Skills:
 + Level 5.8 Fighting
 - Level 1.1 Short Blades
 + Level 10.8 Dodging
 + Level 11.9 Stealth
 + Level 10.2 Spellcasting
 * Level 1.6 Conjurations
 + Level 10.5 Hexes
 - Level 3.6 Ice Magic
 * Level 2.0 Air Magic
 + Level 7.6 Evocations


You had 15 spell levels left.
You knew the following spells:

 Your Spells              Type           Power        Failure   Level  Hunger
a - Ensorcelled Hibernat  Hex/Ice        #####.       1%          2    None
b - Confuse               Hex            ######..     1%          3    None
c - Tukima's Dance        Hex            ######..     1%          3    None
d - Mephitic Cloud        Conj/Pois/Air  ###.....     10%         3    None
e - Conjure Flame         Conj/Fire      ###.....     12%         3    None
g - Corona                Hex            ######.      1%          1    None

Your spell library contained the following spells:

 Spells                   Type           Power        Failure   Level  Hunger
 Confusing Touch          Hex            ######       1%          1    None
 Dazzling Spray           Conj/Hex       #####.       1%          3    None
 Animate Skeleton         Necr           N/A          5%          1    None
 Pain                     Necr           ##..         5%          1    None
 Poisonous Vapours        Pois/Air       ###...       5%          2    None
 Metabolic Englaciation   Hex/Ice        #####.....   9%          5    ####...
 Gell's Gravitas          Tloc           ##........   17%         3    None
 Regeneration             Chrm/Necr      ##........   17%         3    None
 Vampiric Draining        Necr           ##........   17%         3    None
 Yara's Violent Unravell  Hex/Tmut       #####.....   19%         5    ####...
 Animate Dead             Necr           N/A          50%         4    #......
 Petrify                  Tmut/Erth      ##......     50%         4    #......
 Freezing Cloud           Conj/Ice/Air   ###.......   97%         6    ######.
 Ring of Flames           Chrm/Fire      ##........   100%        7    #######


Dungeon Overview and Level Annotations

Branches:
Dungeon (10/15)            Temple (1/1) D:5            Lair (3/6) D:8
  Snake (0/4) Lair:2
  Swamp: Lair:2-4    Shoals: Lair:2-4       Orc: D:9-12

Altars:
Ashenzari
Cheibriados
Dithmenos
Elyvilon
Fedhas
Gozag
Hepliaklqana
Kikubaaqudgha
Makhleb
Nemelex Xobeh
Okawaru
Qazlal
Ru
Sif Muna
Trog
Uskayaw
Vehumet
Wu Jian
Xom
Yredelemnul
Zin
The Shining One

Annotations:
Lair:1 Fannar


Innate Abilities, Weirdness & Mutations

You are very small and have problems with some larger weapons.
You are too small for most types of armour.
You have supernaturally acute eyesight. (SInv)
You are a herbivore.
You cover ground extremely quickly.
You need to consume almost no food.


Message History

You hit the wolf spider.
The wolf spider is almost dead.
You feel sick.
The wolf spider completely misses you. x2
You hit the wolf spider.
The wolf spider is almost dead.
You feel sick.
You hit the wolf spider but do no damage.
The wolf spider is almost dead.
You feel sick.
The wolf spider completely misses you. x2
You barely miss the wolf spider.
The wolf spider is severely wounded.
Your shadow hits the wolf spider but does no damage.
You feel sick. The wolf spider misses you. x2
Casting: Confuse (safe; 1% risk of failure)
Confirm with . or Enter, or press ? or * to list all spells.
Aiming: Ensorcelled Hibernation (safe; 1% risk of failure)
Press: ? - help, Shift-Dir - straight line, f/p - wolf spider
Aim: a wolf spider (severely wounded, confused, umbra, chance to defeat MR: 69%)
The wolf spider struggles to resist.
You feel sick. The wolf spider hits you!!
You die...

##P.!$.PP ##PP..P.)PPP.
###### #.P....P...P###
..#..###PP.PP.P....P.
#....##.P..P........#
.....# #...P.P.P.P..# .
.##### #P.PPPP..P..P## .#
########P.PPPP.P.sPP.# #.#
###..##P...PP.P.@.PPP##.##
.....#......P.P..P.PP....##
....†P...P...P............#
#....†S.##........#........
.s...#.####.##P.P.#.####...
.PS.############..†###.## .
...## ##.######......#..#
.######....#..#.......## ##
#...................##


You could see a wolf spider (confused).

Vanquished Creatures
  A hydra (Lair:2)
  Pikel (D:7)
  A black mamba (Lair:3)
  3 spiny frogs
  4 komodo dragons
  3 trolls (D:9)
  Grinder (D:4)
  A hippogriff (Lair:1)
  3 blink frogs (Lair:1)
  5 yaks
  4 basilisks
  A steam dragon (D:8)
  A hungry ghost (D:10)
  2 nagas (Lair:2)
  Duvessa (D:4)
  3 water moccasins
  5 porcupines
  2 orc warriors
  An ice beast (D:10)
  3 black bears
  A phantom (D:8)
  4 sky beasts
  An ogre (D:5)
  10 wolves
  2 centaurs
  4 crocodiles (Lair:1)
  A big kobold (D:10)
  7 bullfrogs
  A water moccasin zombie (D:10)
  Dowan (D:4)
  A water moccasin skeleton (D:10)
  4 scorpions
  3 killer bees (D:9)
  2 howler monkeys
  A centaur zombie (D:9)
  A bullfrog zombie (D:5)
  2 crimson imps
  2 quasits
  7 hounds
  2 centaur skeletons
  5 orc priests
  11 orc wizards
  A bullfrog skeleton (D:7)
  2 iguanas (D:10)
  11 worker ants
  7 gnolls
  19 adders
  A shadow imp (D:9)
  3 adder skeletons
  An adder zombie (D:7)
  3 worms
  4 dart slugs
  5 leopard geckos
  24 orcs
  3 ball pythons
  6 giant cockroaches
  8 goblins
  4 hobgoblins
  A quokka (D:2)
  3 bats
  4 frilled lizards
  A jackal skeleton (D:7)
  7 kobolds
  A quokka skeleton (D:5)
  9 rats
  A spectral orc (D:6)
  A fungus (Lair:3)
  A plant (Lair:3)
250 creatures vanquished.

Vanquished Creatures (collateral kills)
  A two-headed ogre (D:9)
  2 orc warriors
  4 ogres
  Crazy Yiuf (D:6)
  2 orc priests
  A gnoll shaman (D:7)
  3 gnolls
  4 orcs
  2 kobolds (D:10)
  A plant (Lair:3)
21 creatures vanquished.

Vanquished Creatures (others)
  2 dancing weapons
  2 slaves (D:7)
  An orc (D:7)
  7 fungi (Lair:3)
  9 plants (Lair:3)
21 creatures vanquished.

Grand Total: 292 creatures vanquished

Notes
Turn   | Place    | Note
-------+----------+-------------------------------------------
     0 | D:1      | night the Spriggan Enchanter began the quest for the Orb.
     0 | D:1      | Reached XP level 1. HP: 9/9 MP: 5/5
   469 | D:1      | Reached XP level 2. HP: 13/13 MP: 3/6
   473 | D:1      | Learned a level 2 spell: Ensorcelled Hibernation
  1714 | D:2      | Reached skill level 5 in Stealth
  1714 | D:2      | Reached XP level 3. HP: 16/16 MP: 5/8
  1719 | D:2      | Learned a level 3 spell: Confuse
  2099 | D:2      | Found an ornate altar of the Wu Jian Council.
  2099 | D:2      | Found an opulent altar of Gozag.
  2101 | D:2      | Found an iron altar of Okawaru.
  2117 | D:2      | Found a white marble altar of Elyvilon.
  2216 | D:2      | Reached XP level 4. HP: 19/21 MP: 2/10
  2289 | D:2      | Learned a level 3 spell: Tukima's Dance
  2445 | D:2      | Found a hazy altar of Hepliaklqana.
  3532 | D:3      | Found a radiant altar of Vehumet.
  3532 | D:3      | Found a stormy altar of Qazlal.
  3532 | D:3      | Found an ancient bone altar of Kikubaaqudgha.
  3540 | D:3      | Found a blossoming altar of Fedhas.
  3586 | D:3      | Noticed a bullfrog
  3728 | D:3      | Killed a bullfrog
  3728 | D:3      | Reached XP level 5. HP: 25/25 MP: 8/12
  4062 | D:4      | Noticed Dowan
  4063 | D:4      | Noticed Duvessa
  4403 | D:3      | Reached skill level 5 in Hexes
  4505 | D:4      | Reached skill level 1 in Fighting
  4570 | D:4      | Reached skill level 6 in Stealth
  4575 | D:4      | Reached XP level 6. HP: 25/30 MP: 0/13
  4601 | D:3      | Reached skill level 5 in Dodging
  5182 | D:4      | Killed Duvessa
  5182 | D:4      | Reached skill level 5 in Spellcasting
  5435 | D:4      | Killed Dowan
  5496 | D:4      | Noticed Grinder
  5536 | D:4      | Reached XP level 7. HP: 17/33 MP: 12/15
  5752 | D:4      | Killed Grinder
  5936 | D:4      | Reached skill level 7 in Stealth
  6806 | D:5      | Entered Level 5 of the Dungeon
  6935 | D:5      | Reached XP level 8. HP: 39/39 MP: 12/18
  7294 | D:5      | Found a staircase to the Ecumenical Temple.
  7303 | Temple   | Entered the Ecumenical Temple
  7362 | Temple   | Became a worshipper of Dithmenos the Shadowed
  7974 | D:5      | Identified the +1 hand axe "Durafib" {chop, *Rage rF++ rN+
                  | MR+}
  8674 | D:6      | Reached skill level 8 in Stealth
  8934 | D:6      | Reached * piety under Dithmenos
  9382 | D:6      | Found a basalt altar of Yredelemnul.
  9468 | D:6      | Found a runed translucent door.
  9469 | D:6      | Noticed Crazy Yiuf
  9603 | D:6      | Killed Crazy Yiuf
  9723 | D:7      | Found a shattered altar of Ashenzari.
 10017 | D:7      | Reached skill level 1 in Evocations
 10036 | D:7      | Reached XP level 9. HP: 40/44 MP: 17/21
 10435 | D:7      | Noticed Pikel
 10469 | D:7      | Killed Pikel
 10469 | D:7      | Reached skill level 9 in Stealth
 10745 | D:8      | Reached ** piety under Dithmenos
 11069 | D:8      | Found a staircase to the Lair.
 11070 | D:8      | Noticed a death yak
 11155 | D:8      | Noticed a death yak
 11160 | D:8      | Noticed a death yak
 11241 | D:8      | Noticed a death yak
 11241 | D:8      | Noticed a death yak
 12576 | D:9      | Reached skill level 10 in Stealth
 12579 | D:9      | Reached XP level 10. HP: 40/51 MP: 16/23
 12959 | D:9      | Noticed a two-headed ogre
 12966 | D:9      | Killed a two-headed ogre
 12966 | D:9      | Reached skill level 5 in Evocations
 13203 | D:9      | Found a glowing golden altar of the Shining One.
 13315 | D:9      | Found a snail-covered altar of Cheibriados.
 13483 | D:9      | Reached skill level 5 in Fighting
 13589 | D:10     | Entered Level 10 of the Dungeon
 13594 | D:10     | Learned a level 3 spell: Mephitic Cloud
 13598 | D:10     | Learned a level 3 spell: Conjure Flame
 13811 | D:10     | Reached skill level 1 in Ice Magic
 13938 | D:10     | Reached *** piety under Dithmenos
 14071 | Lair:1   | Entered Level 1 of the Lair of Beasts
 14205 | Lair:1   | Noticed a spiny frog
 14216 | Lair:1   | Killed a spiny frog
 14222 | Lair:1   | Reached skill level 10 in Dodging
 14222 | Lair:1   | Reached skill level 11 in Stealth
 14459 | Lair:1   | Reached XP level 11. HP: 56/56 MP: 25/25
 14538 | Lair:1   | Reached skill level 10 in Hexes
 14584 | Lair:1   | Noticed Fannar
 15467 | Lair:2   | Found a staircase to the Snake Pit.
 15837 | Lair:2   | Got a translucent iron ring
 15838 | Lair:2   | Identified the ring "Ehinokk" {*Drain EV+1 Str+4 Stlth+}
                  | (You found it on level 2 of the Lair of Beasts)
 15897 | Lair:2   | Noticed a six-headed hydra
 15913 | Lair:2   | Killed a six-headed hydra
 15913 | Lair:2   | Reached skill level 10 in Spellcasting
 16274 | Lair:3   | Reached skill level 1 in Air Magic
 16589 | Lair:3   | Reached **** piety under Dithmenos
 16690 | Lair:3   | Reached skill level 1 in Conjurations
 16762 | Lair:3   | Noticed a wolf spider
 17218 | Lair:3   | Slain by a wolf spider

Levels and vault maps discovered:
D:1:      lemuel_arrival_room, layout_basic
D:2:      minmay_spotlight, layout_basic, marbit_many_paths, minitemple
D:3:      layout_rooms, nicolae_overflow_quartered_altars
D:4:      layout_gridville, minmay_diced_spiral, uniq_duvessa, uniq_grinder
D:5:      layout_basic, minmay_temple_entry_sparse_star, first_ration
D:6:      layout_rooms, yredelemnul_forgotten_temple_becter,
          uniq_crazy_yiuf_cottage
D:7:      layout_basic, ashenzari_altar_1, uniq_pikel
D:8:      layout_rooms, dpeg_lair_monsters, grunt_ogre_cave,
          minmay_strange_pillars
D:9:      layout_rooms, nicolae_tso_carved_into_rock, slow_altar_1,
          grunt_decor_fettered
D:10:     layout_rooms
Temple:   jpeg_temple_island
Lair:1:   layout_small_grid, serial_bayou_shore_b, uniq_fannar
Lair:2:   layout_gridlike, minmay_snake_entry_guardpost_small
Lair:3:   minmay_lair_venomous_thicket, layout_concentric_octagons,
          grunt_megastairs_4

Skill      XL: |  1  2  3  4  5  6  7  8  9 10 11 |
---------------+----------------------------------+-----
Spellcasting   | 3 4 5 6 7 8 9 10 | 10.2
Hexes          | 4 5 6 8 9 10 | 10.5
Stealth        | 5 6 7 8 10 11 | 11.9
Dodging        | 4 5 6 7 8 10 | 10.8
Fighting       | 1 2 3 4 5 |  5.8
Evocations     | 1 4 6 7 |  7.6
Ice Magic      | 2 3 |  3.6
Air Magic      | 2 |  2.0
Conjurations   | 1 |  1.6
Short Blades   | |  1.1

Action                   |  1- 3 |  4- 6 |  7- 9 | 10-12 || total
-------------------------+-------+-------+-------+-------++-------
Melee: Dagger            |    55 |   132 |   415 |   260 ||   862
       Whip              |       |       |       |     9 ||     9
Throw: Stone             |     1 |       |     3 |     1 ||     5
 Cast: Corona            |     6 |       |       |       ||     6
       Ensorcelled Hiber |    25 |    54 |    84 |   116 ||   279
       Tukima's Dance    |       |     6 |    21 |     7 ||    34
       Confuse           |       |     8 |    56 |    25 ||    89
       Conjure Flame     |       |       |       |     1 ||     1
 Abil: Evoke Invisibilit |       |       |       |     1 ||     1
Evoke: Wand              |       |       |     1 |     1 ||     2
  Use: Scroll            |       |       |     4 |       ||     4
       Potion            |       |       |       |     1 ||     1
 Stab: Sleeping          |    18 |    32 |    54 |    75 ||   179
       Confused          |       |     4 |    28 |    24 ||    56
       Distracted        |       |     2 |     1 |     1 ||     4
       Invisible         |       |       |       |     1 ||     1
  Eat: Ration            |       |     3 |     4 |     2 ||     9
Armor: Robe              |     2 |     7 |    20 |    16 ||    45
Dodge: Dodged            |    32 |   114 |   408 |   258 ||   812
Block: Other             |       |       |     8 |     9 ||    17

Table legend:
 A = Non-vault XP
 B = Vault XP
 C = Vault XP percentage of total XP
 D = Non-vault monster count
 E = Vault monster count
 F = Vault count percentage of total count
                 A         B        C        D         E       F
            +---------+---------+-------+---------+---------+-------
      Total |   15437 |    3596 |  18.9 |     236 |      32 |  11.9
            +---------+---------+-------+---------+---------+-------
        D:1 |      20 |       0 |   0.0 |       9 |       0 |   0.0
        D:2 |      89 |      34 |  27.6 |      21 |       8 |  27.6
        D:3 |     257 |       0 |   0.0 |      22 |       0 |   0.0
        D:4 |     431 |     564 |  56.7 |      21 |       5 |  19.2
        D:5 |     713 |       0 |   0.0 |      19 |       0 |   0.0
        D:6 |     327 |      37 |  10.2 |      17 |       2 |  10.5
        D:7 |     872 |     599 |  40.7 |      27 |       1 |   3.6
        D:8 |    1027 |     509 |  33.1 |      18 |       3 |  14.3
        D:9 |    2667 |       5 |   0.2 |      28 |       1 |   3.4
       D:10 |     875 |       0 |   0.0 |      13 |       0 |   0.0
     Lair:1 |    4303 |       0 |   0.0 |      20 |       0 |   0.0
     Lair:2 |    2002 |     335 |  14.3 |      10 |       2 |  16.7
     Lair:3 |    1854 |    1513 |  44.9 |      11 |      10 |  47.6
            +---------+---------+-------+---------+---------+-------
